Map: Lockdown LE

Players

Altik

  • Race: Protoss Protoss
  • League: Diamond

Miripog - Winner!

  • Race: Terran Terran
  • League: Diamond

VOD

Have the link to the VOD?

Description

Time

  • Played on: Aug. 4, 2026, 3:09 p.m.
  • Length: 8:46
Show
View Real Time Build Order
Export as new Build Order

Altik Protoss 

Build Orders: Double Forge, Oracle Opening 

Get SALT Encoding   

  8  0:00  Probe  
  9  0:12  Probe  
  10  0:24  Pylon  
  10  0:28  Probe  
  11  0:44  Gateway  
  12  0:50  Probe (Chrono Boost)  
  12  1:00  Probe (Chrono Boost)  
  13  1:04  Probe (Chrono Boost)  
  13  1:09  Assimilator  
  14  1:16  Probe  
  15  1:28  Probe  
  15  1:31  Cybernetics Core  
  16  1:40  Probe (Chrono Boost)  
  16  1:41  Assimilator  
  17  1:50  Probe (Chrono Boost)  
  17  1:54  Pylon  
  18  1:55  Probe (Chrono Boost)  
  19  2:06  Probe  
  20  2:16  Adept  
  20  2:18  Probe  
  23  2:27  Stargate  
  23  2:31  Probe  
  24  2:43  Probe  
  25  2:49  Pylon  
  25  2:56  Probe  
  26  3:05  Warp Gate  
  26  3:07  Oracle (Chrono Boost)  
  26  3:08  Probe  
  30  3:20  Probe  
  31  3:31  Nexus  
  31  3:32  Probe  
  32  3:45  Pylon  
  32  3:46  Oracle  
  35  4:03  Probe  
  32  4:15  Probe  
  33  4:17  Twilight Council  
  33  4:23  Forge  
  33  4:24  Forge  
  33  4:27  Probe  
  34  4:39  Probe  
  33  5:00  Probe  
  33  5:08  Charge (Chrono Boost)  
  33  5:09  Protoss Ground Weapons Level 1, Protoss Ground Armor Level 1  
  33  5:12  Probe  
  34  5:18  Gateway  
  34  5:19  Probe  
  34  5:20  Gateway  
  35  5:21  Gateway  
  35  5:24  Probe  
  36  5:28  Sentry  
  36  5:31  Probe  
  39  5:36  Probe  
  39  5:40  Zealot  
  42  5:43  Probe  
  42  5:45  Robotics Facility  
  42  5:48  Probe, Assimilator  
  44  5:51  Assimilator  
  44  5:54  Phoenix  
  44  5:55  Probe  
  45  6:02  Probe  
  46  6:09  Probe  
  47  6:14  Zealot x4  
  47  6:15  Probe  
  56  6:23  Probe  
  57  6:27  Probe  
  57  6:30  Pylon  
  58  6:33  Pylon  
  58  6:35  Pylon  
  58  6:47  Pylon  
  58  6:48  Observer, Probe, Photon Cannon  
  58  6:52  Shield Battery  
  60  6:56  Photon Cannon  
  60  6:59  Zealot  
  62  7:06  Observer  
  62  7:07  Probe x2  
  65  7:14  Zealot  
  67  7:27  Probe  
  67  7:28  Probe  
  67  7:29  Observer  
  70  7:31  Nexus  
  70  7:37  Robotics Bay  
  70  7:39  Zealot  
  70  7:41  Zealot  
  56  8:00  Oracle  
  56  8:01  Zealot x4  
  66  8:15  Zealot  
Show
View Real Time Build Order
Export as new Build Order

Miripog Terran - Winner!

Build Orders:  

Get SALT Encoding   

  8  0:00  SCV  
  9  0:13  SCV  
  10  0:25  SCV  
  11  0:30  Supply Depot  
  11  0:37  SCV  
  12  0:49  SCV  
  13  0:53  Barracks  
  13  1:01  SCV  
  14  1:05  Refinery  
  14  1:14  SCV  
  14  1:16  Refinery  
  15  1:26  SCV  
  16  1:40  Orbital Command  
  16  1:45  Reaper  
  17  2:03  Factory  
  17  2:06  SCV  
  18  2:12  Supply Depot  
  18  2:18  SCV  
  18  2:19  Reaper  
  20  2:30  SCV  
  21  2:42  Command Center  
  21  2:44  SCV  
  22  2:52  Hellion  
  22  2:53  Reaper  
  22  2:56  SCV  
  26  3:02  Supply Depot  
  26  3:08  SCV  
  27  3:14  Hellion  
  29  3:24  Starport  
  29  3:29  SCV  
  30  3:34  Barracks Reactor  
  30  3:35  Factory Tech Lab  
  30  3:42  SCV  
  31  3:55  Cyclone, Orbital Command  
  27  4:10  Marine  
  27  4:11  Marine, Viking  
  27  4:13  SCV  
  32  4:23  Barracks  
  32  4:24  SCV  
  33  4:25  SCV  
  33  4:30  Marine x2  
  36  4:34  Siege Tank  
  36  4:36  SCV  
  36  4:37  SCV  
  40  4:49  Marine  
  40  4:50  Marine  
  39  5:01  SCV x2  
  40  5:08  Marine x2  
  40  5:13  Starport Reactor  
  42  5:19  SCV x2  
  44  5:23  Marine, Stimpack  
  44  5:26  Barracks  
  44  5:28  Barracks  
  45  5:30  Factory Tech Lab  
  45  5:31  SCV  
  45  5:32  Command Center  
  45  5:33  SCV  
  45  5:34  Supply Depot  
  47  5:37  Marine x2  
  47  5:42  Marine  
  50  5:53  SCV  
  50  5:56  Medivac x2, SCV  
  55  5:59  Marine  
  55  6:00  Marine x2  
  58  6:07  Supply Depot  
  58  6:15  Barracks Tech Lab  
  58  6:16  Barracks Tech Lab  
  58  6:21  Refinery  
  58  6:26  Refinery  
  58  6:28  SCV x2, Siege Tank, Marine x2  
  58  6:29  Marauder  
  58  6:30  Supply Depot  
  67  6:34  Combat Shield, Concussive Shells  
  67  6:36  Marauder  
  67  6:37  Marauder  
  71  6:46  SCV x2  
  73  6:48  Orbital Command  
  73  6:55  Marine x2  
  73  6:57  Marauder  
  77  7:05  Marauder  
  77  7:06  SCV x2  
  81  7:11  Supply Depot  
  81  7:13  SCV  
  81  7:14  Marine  
  83  7:18  SCV  
  83  7:19  SCV  
  83  7:22  Marine  
  86  7:26  Marauder  
  89  7:30  Orbital Command  
  82  7:59  Marine  
  82  8:00  Marine x2, Marauder x2  
  88  8:18  Supply Depot, Marauder, Barracks  
  90  8:20  Barracks x2, SCV x3, Engineering Bay x2  
  90  8:24  Marine x2, Marauder x2  
  99  8:32  SCV x2  
Tags
 
Add a new tag
Caveats
  • Supply blocks, unpowered buildings, or Contaminate may cause inaccurate times.
  • Supply counts are checked every 10 seconds.